 Dungeon Crawl Stone Soup version 0.28.0-1-gb440e238dd (webtiles) character file.

Game seed: 6180711267576400699

4662 joshe the Reanimator (level 10, -12/67 HPs)
             Began as a Vampire Necromancer on Feb 26, 2022.
             Was a Believer of Makhleb.
             Mangled by an orc knight (16 damage)
             ... in a bailey.
             The game lasted 01:24:57 (12540 turns).

joshe the Reanimator (Vampire Necromancer)         Turns: 12540, Time: 01:24:57

Health: -12/67     AC: 11    Str: 13    XL:     10   Next: 20%
Magic:  1/19       EV: 13    Int: 22    God:    Makhleb [**....]
Gold:   338        SH:  0    Dex: 15    Spells: 8/21 levels left

rFire   . . .      SeeInvis +   s - +3 dagger (venom)
rCold   . . .      Faith    .   (no shield)
rNeg    . . .      Spirit   .   w - +0 steam dragon scales
rPois   .          Reflect  .   l - +0 helmet
rElec   .          Harm     .   (no cloak)
rCorr   .          Rampage  .   u - +1 pair of gloves
Will    +....                   c - +2 pair of boots
Stlth   ++++......              n - amulet of regeneration
HPRegen 1.21/turn               r - +6 ring of strength
MPRegen 0.16/turn               h - ring of flight

@: flying, healing quickly
A: alive, fangs 3, see invisible, vampiric 2
a: Exsanguinate, Renounce Religion, Minor Destruction


You were in a bailey.
You worshipped Makhleb.
Makhleb was pleased with you.
You visited 2 branches of the dungeon, and saw 11 of its levels.
You also visited: Bailey.

You collected 453 gold pieces.
You spent 115 gold pieces at shops.

Inventory:

Hand Weapons
 s - a +3 dagger of venom (weapon)
 x - a +1 short sword of protection
Missiles
 b - 29 poisoned darts
Armour
 c - a +2 pair of boots (worn)
 l - a +0 helmet (worn)
 u - a +1 pair of gloves (worn)
 w - +0 steam dragon scales (worn)
Jewellery
 h - a ring of flight (right hand)
 i - a ring of protection from fire
 m - a +6 ring of dexterity
 n - an amulet of regeneration (around neck)
 r - a +6 ring of strength (left hand)
 A - an amulet of magic regeneration
 H - a ring of fire
 J - a ring of poison resistance
Wands
 v - a wand of iceblast (29)
 y - a wand of paralysis (15)
Scrolls
 a - a scroll of noise {unknown}
 d - a scroll of summoning {unknown}
 f - a scroll of blinking {unknown}
 o - a scroll of fear {unknown}
 p - 2 scrolls of immolation {unknown}
 z - 3 scrolls of enchant weapon {unknown}
 B - 2 scrolls of enchant armour {unknown}
 C - a scroll of amnesia {unknown}
 D - 2 scrolls of identify
 G - 2 scrolls of teleportation
 I - a scroll of holy word {unknown}
Potions
 e - 3 potions of berserk rage
 g - a potion of haste {unknown}
 j - 7 potions of curing
 k - 2 potions of might
 q - a potion of attraction {unknown}
 t - 3 potions of cancellation
 E - a potion of ambrosia {unknown}
 F - a potion of mutation {unknown}


   Skills:
 - Level 2.0 Fighting
 + Level 6.6 Short Blades
 - Level 0.1 Throwing
 - Level 4.0 Dodging
 - Level 10.0 Stealth
 - Level 6.0 Spellcasting
 - Level 10.0 Necromancy
 - Level 2.0 Translocations
 - Level 4.0 Invocations


You had 8 spell levels left.
You knew the following spells:

 Your Spells              Type           Power      Damage    Failure   Level
a - Pain                  Necr           100%       1d9       1%          1
b - Vampiric Draining     Necr           50%        2d9       1%          3
c - Agony                 Necr           50%        N/A       4%          5
d - Sublimation of Blood  Necr           50%        N/A       1%          2
e - Blink                 Tloc           30%        N/A       6%          2

Your spell library contained the following spells:

 Spells                   Type           Power      Damage    Failure   Level
 Animate Skeleton         Necr           100%       N/A       1%          1
 Corpse Rot               Necr/Air       56%        N/A       1%          2
 Animate Dead             Necr           25%        N/A       1%          4
 Excruciating Wounds      Necr           25%        N/A       4%          5
 Lesser Beckoning         Tloc           15%        N/A       12%         3
 Poisonous Vapours        Pois/Air       12%        N/A       14%         2
 Portal Projectile        Hex/Tloc       22%        N/A       19%         3
 Conjure Flame            Conj/Fire      6%         6-21      26%         3
 Ignite Poison            Fire/Tmut/Pois 6%         N/A       26%         3
 Inner Flame              Hex/Fire       6%         N/A       26%         3
 Cause Fear               Hex            3%         N/A       65%         4
 Petrify                  Tmut/Erth      6%         N/A       65%         4
 Sticky Flame             Conj/Fire      6%         2d3       65%         4
 Summon Lightning Spire   Summ/Air       6%         N/A       65%         4
 Manifold Assault         Tloc           15%        N/A       73%         5
 Blade Hands              Tmut           3%         N/A       94%         5
 Irradiate                Conj/Tmut      3%         3d14      94%         5
 Conjure Ball Lightning   Conj/Air       3%         3x3d6     100%        6
 Storm Form               Tmut/Air       3%         N/A       100%        7
 Discord                  Hex            3%         N/A       100%        8
 Disjunction              Tloc           7%         N/A       100%        8
 Maxwell's Capacitive Co  Air            3%         ∞         100%        8


Dungeon Overview and Level Annotations

Branches:
Dungeon (10/15)            Temple (1/1) D:4          Bailey (1/1)
   Lair: D:8-11         Orc: D:9-12

Altars:
Dithmenos
Gozag
Hepliaklqana
Kikubaaqudgha
Makhleb
Nemelex Xobeh
Uskayaw
Zin

Shops:
D:3 [   D:5 *

Annotations:
D:4 3 runed translucent doors, ReploidZero's ghost, amateur VSFi
D:6 3 runed translucent doors, pkoi's ghost, novice DrAE


Innate Abilities, Weirdness & Mutations

Your natural rate of healing is accelerated.
You have razor-sharp teeth.
You have supernaturally acute eyesight. (SInv)
You are afflicted with vampirism and can become a bat while bloodless.


Message History

Aiming: Agony (dangerous; 4% risk of failure)
Press: ? - help, Shift-Dir - straight line, f - orc knight
Aim: an orc knight, wielding a +0 glaive and wearing a +0 chain mail (chance to affect: 94%)
The orc knight convulses!
The orc knight hits you with a +0 glaive!!
Casting: Agony (dangerous; 4% risk of failure)
Confirm with . or Enter, or press ? or * to list all spells.
Aiming: Agony (dangerous; 4% risk of failure)
Press: ? - help, Shift-Dir - straight line, f/p - orc knight
Aim: an orc knight, wielding a +0 glaive and wearing a +0 chain mail (heavily wounded, chance to affect: 94%)
The orc knight convulses!
The orc knight hits you with a +0 glaive!
Casting: Agony (dangerous; 4% risk of failure)
Confirm with . or Enter, or press ? or * to list all spells.
Aiming: Agony (dangerous; 4% risk of failure)
Press: ? - help, Shift-Dir - straight line, f/p - orc knight
Aim: an orc knight, wielding a +0 glaive and wearing a +0 chain mail (severely wounded, chance to affect: 94%)
The orc knight convulses!
The orc knight hits you with a +0 glaive.
Casting: Agony (dangerous; 4% risk of failure)
Confirm with . or Enter, or press ? or * to list all spells.
Aiming: Pain (safe; 1% risk of failure)
Press: ? - help, Shift-Dir - straight line, f/p - orc knight
Aim: an orc knight, wielding a +0 glaive and wearing a +0 chain mail (almost dead, chance to affect: 70%)
The orc knight writhes in agony.
The orc knight hits you with a +0 glaive!
* * * LOW HITPOINT WARNING * * *
Unknown command.
Casting: Pain (safe; 1% risk of failure)
Confirm with . or Enter, or press ? or * to list all spells.
Aiming: Vampiric Draining (safe; 1% risk of failure)
Press: ? - help, Shift-Dir - straight line, f/p - orc knight
Aim: an orc knight, wielding a +0 glaive and wearing a +0 chain mail (almost dead)
You draw life force from the orc knight!
You feel life coursing into your body.
The orc knight hits you with a +0 glaive!!
* * * LOW HITPOINT WARNING * * *
Okay, then.
The orc knight hits you from afar with a +0 glaive!
You die...

#######################
.............................
..........o.................. .
.............................
..............@................
.....≈≈≈≈≈.................≈≈≈≈
.... ###≈≈...............≈≈###
....≈##.##≈...............≈##.#
....≈#..)))..........)..=...)).
....≈##.∩#≈...............≈#∩)#
#.....≈≈#.##≈....#######....≈##.#
#......≈≈.≈≈≈....##....##...≈≈≈.≈
#................##.....##.......


You could see an orc knight.

Vanquished Creatures
  An orc knight (Bailey)
  A troll (D:9)
  Sigmund (D:2)
  A shadow (D:9)
  3 yaks (D:8)
  A wyvern (D:8)
  2 steam dragons
  Duvessa (D:7)
  A water moccasin (D:7)
  7 orc warriors
  2 ice beasts
  2 centaurs
  2 bullfrogs
  A gnoll sergeant (D:9)
  3 scorpions
  Dowan (D:7)
  A wight (D:10)
  4 howler monkeys
  A bullfrog zombie (D:5)
  A centaur skeleton (D:4)
  3 hounds
  A centaur zombie (D:7)
  2 orc priests
  A jelly (D:6)
  2 iguanas
  12 orc wizards
  A killer bee zombie (D:8)
  A mummy (D:8)
  Robin (D:2)
  A howler monkey zombie (D:5)
  6 adders
  12 gnolls
  2 shadow imps (D:5)
  2 ufetubi
  2 worms
  A dart slug (D:4)
  47 orcs
  4 endoplasms
  4 giant cockroaches
  15 goblins
  8 hobgoblins
  7 jackals
  2 quokkas
  3 ball pythons
  3 bats (D:1)
  2 frilled lizards (D:2)
  3 hobgoblin zombies (D:8)
  9 kobolds
  A kobold zombie (D:8)
  2 rats
197 creatures vanquished.

Vanquished Creatures (others)
  8 fungi (D:5)
8 creatures vanquished.

Grand Total: 205 creatures vanquished

Notes
Turn   | Place    | Note
-------+----------+-------------------------------------------
     0 | D:1      | joshe the Vampire Necromancer began the quest for the Orb.
     0 | D:1      | Reached XP level 1. HP: 13/13 MP: 3/3
     1 | D:1      | Found an opulent altar of Gozag.
   159 | D:1      | Reached XP level 2. HP: 19/19 MP: 3/5
   415 | D:1      | Reached skill level 5 in Necromancy
   653 | D:1      | Found a faded altar of an unknown god.
   951 | D:2      | Noticed Robin
   959 | D:2      | Gained mutation: You are afflicted with vampirism and can
                  | become a bat while bloodless. [Vampire growth]
   959 | D:2      | Reached XP level 3. HP: 22/24 MP: 1/6
  1021 | D:2      | Noticed Sigmund
  1140 | D:2      | Learned a level 3 spell: Vampiric Draining
  1855 | D:2      | Killed Robin
  2008 | D:3      | Found Qeoshrel's Armour Emporium.
  2248 | D:3      | Reached XP level 4. HP: 30/30 MP: 2/7
  2579 | D:2      | Killed Sigmund
  2580 | D:2      | Reached skill level 1 in Fighting
  2580 | D:2      | Reached XP level 5. HP: 37/37 MP: 3/9
  2775 | D:3      | Reached XP level 6. HP: 43/43 MP: 5/10
  3451 | D:4      | Found a runed translucent gate.
  3785 | D:4      | Learned a level 5 spell: Agony
  3827 | D:4      | Reached XP level 7. HP: 48/48 MP: 4/13
  3987 | D:4      | Found a staircase to the Ecumenical Temple.
  4013 | Temple   | Entered the Ecumenical Temple
  4054 | Temple   | Became a worshipper of Makhleb the Destroyer
  4109 | D:4      | Found a runed translucent gate.
  4109 | D:4      | Found a runed translucent gate.
  4111 | D:4      | Noticed ReploidZero's ghost (amateur VSFi)
  4344 | D:5      | Entered Level 5 of the Dungeon
  4355 | D:5      | Reached skill level 1 in Invocations
  4796 | D:5      | Reached skill level 5 in Spellcasting
  5037 | D:5      | Noticed a steam dragon
  5217 | D:3      | Bought a +1 pair of gloves for 115 gold pieces
  5387 | D:5      | Reached * piety under Makhleb
  5516 | D:5      | Found Gueheg's Assorted Antiques.
  5792 | D:5      | Noticed a steam dragon
  5922 | D:5      | Killed a steam dragon
  5923 | D:5      | Reached XP level 8. HP: 35/48 MP: 3/15
  6415 | D:6      | Found a runed translucent gate.
  6615 | D:6      | Learned a level 2 spell: Sublimation of Blood
  6841 | D:6      | Found a runed translucent gate.
  6841 | D:6      | Found a runed translucent gate.
  6841 | D:6      | Noticed pkoi's ghost (novice DrAE)
  7438 | D:7      | Reached skill level 10 in Necromancy
  7452 | D:7      | Noticed Duvessa
  7452 | D:7      | Noticed Dowan
  7476 | D:7      | Killed Dowan
  7738 | D:7      | Killed Duvessa
  7739 | D:7      | Reached skill level 5 in Stealth
  8370 | D:7      | Reached XP level 9. HP: 53/53 MP: 14/18
  8786 | D:8      | Reached skill level 10 in Stealth
  8786 | D:8      | Reached skill level 1 in Short Blades
  9451 | D:8      | Found a sparkling altar of Nemelex Xobeh.
 10637 | D:9      | Learned a level 2 spell: Blink
 10924 | D:9      | Noticed a troll
 10933 | D:9      | Killed a troll
 10934 | D:9      | Reached skill level 1 in Translocations
 11038 | D:9      | Found an ancient bone altar of Kikubaaqudgha.
 11598 | D:10     | Entered Level 10 of the Dungeon
 11747 | D:10     | Found a flagged portal.
 11766 | Bailey   | Entered a bailey
 12005 | Bailey   | Reached XP level 10. HP: 60/60 MP: 19/19
 12014 | Bailey   | Reached ** piety under Makhleb
 12151 | Bailey   | Reached skill level 5 in Short Blades
 12352 | Bailey   | Noticed an orc knight
 12352 | Bailey   | Noticed an orc knight
 12352 | Bailey   | Noticed an orc knight
 12399 | Bailey   | Killed an orc knight
 12539 | Bailey   | HP: 3/67 [orc knight (24)]
 12540 | Bailey   | Mangled by an orc knight

Illustrated notes

Levels and vault maps discovered:
D:1:      sevenhm_arrival_forest_fort_small_6, layout_rooms,
          basic_ecumenical_altar
D:2:      layout_basic, uniq_robin, uniq_sigmund
D:3:      layout_rooms, serial_shops, shop, minivault_25
D:4:      layout_cave_pools, temple_pool_b, gammafunk_ghost_split
D:5:      kennysheep_steamy, layout_basic, serial_shops, shop,
          minmay_misc_feat_square
D:6:      layout_cave_pools, ebering_ghost_rock_garden
D:7:      layout_gridville, uniq_duvessa
D:8:      layout_basic, chequers_temple_overflow_statue_of_worship,
          minmay_mini_ossuary
D:9:      layout_grid_maze, kiku_gazebo_pond_becter
D:10:     layout_irregular_city, orc_0_dummy, enter_bailey_5, uniq_josephine
Temple:   mainiacjoe_temple_bowtie_tessellation
Bailey:   bailey_polearm_2, bailey

Skill      XL: |  1  2  3  4  5  6  7  8  9 10 |
---------------+-------------------------------+-----
Necromancy     | 5 6 7 9 10 | 10.0
Spellcasting   | 3 4 5 6 |  6.0
Fighting       | 1 2 |  2.0
Stealth        | 4 8 10 | 10.0
Invocations    | 2 4 |  4.0
Short Blades   | 4 6 |  6.6
Dodging        | 4 |  4.0
Translocations | 2 |  2.0
Throwing       | |  0.1

Action                   |  1- 3 |  4- 6 |  7- 9 | 10-12 || total
-------------------------+-------+-------+-------+-------++-------
Melee: Unarmed           |     4 |       |       |       ||     4
       Dagger            |     1 |       |   165 |    30 ||   196
       Short sword       |       |    27 |       |       ||    27
       Bite              |       |     2 |    23 |     4 ||    29
       Punch             |       |     1 |     1 |       ||     2
Throw: Dart              |     2 |       |       |       ||     2
 Cast: Pain              |    90 |    66 |   180 |    10 ||   346
       Vampiric Draining |       |     3 |    50 |     7 ||    60
       Agony             |       |       |    14 |     7 ||    21
       Sublimation of Bl |       |       |    11 |       ||    11
 Abil: Exsanguinate      |       |       |     3 |       ||     3
       Revivify          |       |       |     3 |       ||     3
  Use: Potion            |       |     2 |     2 |       ||     4
       Scroll            |       |     3 |     4 |       ||     7
 Stab: Sleeping          |       |     2 |    16 |       ||    18
Armor: Robe              |     7 |    12 |     6 |       ||    25
       Steam dragon scal |       |       |    78 |    10 ||    88
Dodge: Dodged            |    16 |    36 |   189 |    37 ||   278
